 Dungeon Crawl Stone Soup version 0.31.0-11-ge490571c62 (webtiles) character file.

Game seed: 7628628763527664948

282 dialectric the Covered (level 6, 0/39 HPs)
             Began as a Gargoyle Fighter on Jan 27, 2024.
             Slain by a killer bee (2 damage)
             ... on level 4 of the Dungeon on Jan 28, 2024.
             The game lasted 00:03:49 (2330 turns).

dialectric the Covered (Gargoyle Fighter)           Turns: 2330, Time: 00:03:50

Health: 0/39       AC: 14    Str: 21    XL:     6   Next: 28%
Magic:  0/6        EV: 10    Int:  9    God:
Gold:   163        SH:  0    Dex:  9    Spells: 5/5 levels left

rFire   . . .        p - +2 dagger (venom)
rCold   . . .        (no shield)
rNeg    + . .        b - +0 scale mail
rPois   ∞            j - +0 helmet
rElec   +            (no cloak)
rCorr   .            i - +0 pair of gloves
SInv    .            (no boots)
Will    .....        m - amulet of guardian spirit Stlth
                     (no ring)
HPRegen 0.26/turn    (no ring)
MPRegen 0.10/turn

%: guardian spirit
@: mighty
A: sickness immunity, AC +4, negative energy resistance 1, electricity
resistance, torment resistance 1, petrification resistance
a: no special abilities


You were on level 4 of the Dungeon.
You visited 1 branch of the dungeon, and saw 4 of its levels.

You collected 163 gold pieces.

Inventory:

Hand Weapons
 a - a +0 flail
 p - a +2 dagger of venom (weapon)
Missiles
 n - 6 poisoned darts (quivered)
Armour
 b - a +0 scale mail (worn)
 c - a +0 buckler
 i - a +0 pair of gloves (worn)
 j - a +0 helmet (worn)
Jewellery
 m - an amulet of guardian spirit (around neck)
 r - a ring of ice
Scrolls
 e - a scroll of torment {unknown}
 f - 5 scrolls of identify {unknown}
 q - a scroll of enchant weapon {unknown}
 s - a scroll of enchant armour {unknown}
 t - a scroll of blinking {unknown}
 u - a scroll of noise {unknown}
Potions
 g - a potion of curing {unknown}
 h - a potion of berserk rage {unknown}
 k - a potion of resistance {unknown}
 l - a potion of magic {unknown}
 o - 2 potions of enlightenment {unknown}


   Skills:
 + Level 4.4 Fighting
 - Level 0.2 Short Blades
 + Level 3.5 Maces & Flails
 + Level 4.6 Armour
 * Level 2.2 Dodging
 + Level 1.1 Stealth
 - Level 3.2 Shields


You had 5 spell levels left.
You didn't know any spells.
Your spell library contained the following spells:

 Spells                   Type           Power      Damage    Failure   Level
 Foxfire                  Conj/Fire      0%         2x1d4     71%         1
 Inner Flame              Hex/Fire       0%         N/A       97%         3
 Flame Wave               Conj/Fire      0%         2d4       100%        4
 Sticky Flame             Fire/Alch      0%         2d4       100%        4
 Plasma Beam              Fire/Air       0%         2x1d10    100%        6
 Starburst                Conj/Fire      0%         6d3       100%        6


Dungeon Overview and Level Annotations

Branches:
Dungeon (4/15)
 Temple: D:4-7

Altars:


Innate Abilities, Weirdness & Mutations

You are immune to sickness and miasma.
Your stone body is resilient. (AC +4)
You are immune to poison.
You resist negative energy. (rN+)
You are resistant to electric shocks. (rElec)
You are resistant to unholy torment.
You are immune to petrification.


Message History

The killer bee barely misses you.
The killer bee stings you but does no damage.
The killer bee stings you.
* * * LOW HITPOINT WARNING * * *
The killer bee stings you but does no damage. x3
The killer bee attacks as it pursues you!
The killer bee stings you.
* * * LOW HITPOINT WARNING * * *
The killer bee stings you.
* * * LOW HITPOINT WARNING * * *
The killer bee stings you but does no damage. x2
Found a club.
The killer bee stings you but does no damage.
The killer bee stings you.
A goblin and a black bear come into view.
The goblin shouts!
The black bear growls angrily.
The killer bee stings you but does no damage.
The killer bee closely misses you. The killer bee barely misses you.
The killer bee attacks as it pursues you!
The killer bee stings you but does no damage.
The goblin hits you but does no damage. The killer bee stings you!
* * * LOW HITPOINT WARNING * * *
The killer bee attacks as it pursues you!
The killer bee stings you but does no damage.
The goblin hits you but does no damage.
The killer bee stings you but does no damage. x2
The killer bee attacks as it pursues you!
The killer bee barely misses you. x2
You puncture the black bear!
The black bear looks as sick as possible!
The black bear is heavily wounded.
The killer bee misses you. The killer bee barely misses you. x2
The black bear bites you.
The black bear claws you but does no damage.
The black bear misses you. The killer bee closely misses you.
The killer bee stings you but does no damage. x2
Unknown command.
The killer bee attacks as it pursues you!
The killer bee stings you.
You die...

####### ########
#.....# #......#
#.....# #......#
#.....# #......#
#.....# #......#
#.....# #......#
#.)@h.# #......#
#.yyy.# #......#
#....S#######......#
#...Sg.........#'###
#..............#....
#........?.....#†...
#..............#....
#..............#....
#..............#....


You could see a black bear (extremely poisoned), 3 killer bees, 2 adders and a
goblin.

Vanquished Creatures
  A scorpion (D:4)
  2 killer bees (D:4)
  A hound (D:3)
  4 adders
  6 ribbon worms
  An orc (D:3)
  6 endoplasms
  4 giant cockroaches
  7 goblins
  5 hobgoblins
  A quokka (D:3)
  2 ball pythons (D:2)
  8 bats
  2 frilled lizards (D:3)
  3 kobolds
  5 rats
58 creatures vanquished.

Notes
Turn   | Place    | Note
-------+----------+-------------------------------------------
     0 | D:1      | dialectric the Gargoyle Fighter began the quest for the
                  | Orb.
     0 | D:1      | Reached XP level 1. HP: 14/14 MP: 1/1
   317 | D:1      | Reached XP level 2. HP: 16/19 MP: 2/2
   928 | D:2      | Reached skill level 1 in Dodging
   928 | D:2      | Reached XP level 3. HP: 15/23 MP: 3/3
  1014 | D:2      | Reached skill level 1 in Stealth
  1522 | D:2      | Reached XP level 4. HP: 29/29 MP: 4/4
  1972 | D:3      | Reached XP level 5. HP: 33/33 MP: 5/5
  2043 | D:3      | Found a faded altar of an unknown god.
  2312 | D:4      | Reached XP level 6. HP: 25/38 MP: 2/6
  2325 | D:4      | Noticed a black bear
  2326 | D:4      | HP: 1/39 [killer bee (6)]
  2330 | D:4      | Slain by a killer bee

Illustrated notes

Levels and vault maps discovered:
D:1:      lemuel_arrival_lava_pool, layout_basic, nrook_mini_vaults
D:2:      layout_basic, minmay_crystal_room, minmay_misc_feat_nine_boxes,
          roderic_serpentine_path
D:3:      layout_rooms, chequers_ecumenical_altar_twisty, grunt_decor_one_mirror
D:4:      layout_gridville

Skill      XL: |  1  2  3  4  5 |
---------------+----------------+-----
Dodging        | 1 2 |  2.2
Stealth        | 1 |  1.1
Armour         | 4 |  4.6
Fighting       | 4 |  4.4
Maces & Flails | 3 |  3.5
Short Blades   | |  0.2
Shields        | |  3.2

Action                     |  1- 3 |  4- 6 || total
---------------------------+-------+-------++-------
  Melee: Flail             |    85 |       ||    85
         Punch             |     2 |     1 ||     3
         Dagger            |    19 |    85 ||   104
    Use: Potion            |       |     1 ||     1
 Armour: Scale mail        |    81 |   118 ||   199
  Dodge: Dodged            |    59 |    80 ||   139
